[Event "BL 2024-25"]
[Site "Austria"]
[Date "2024.10.12"]
[Round "4.20"]
[White "Gschiel, Alexander"]
[Black "Berkes, Ferenc"]
[Result "0-1"]
[Annotator "TA"]
[ECO "A40"]
[WhiteElo "2326"]
[BlackElo "2604"]
[PlyCount "52"]
[EventDate "2024.08.28"]
[EventType "team-tourn"]
[EventCountry "AUT"]
[SourceTitle "playchess.com"]
[Source "ChessBase"]
[SourceQuality "1"]
[WhiteTeam "Pamhagen"]
[BlackTeam "Fuerstenfeld-Hartberg"]
[TimeControl "40/5400+30:1800+30"]

1. d4 e6 2. c4 Bb4+ 3. Nd2 c5 4. a3 Bxd2+ 5. Qxd2 cxd4 6. Nf3 Nc6 7. Nxd4 Nf6 8. g3 {[%emt 0:04:32] White is slightly better.} O-O 9. Bg2 d5 10. O-O Re8 11. Rd1 Qe7 12. Qc3 Nxd4 13. Qxd4 e5 14. Qh4 d4 15. e3 ({White should try} 15. Bg5 $14) 15... Bg4 $36 {[%emt 0:06:56][%mdl 2048] Black is more active.} 16. f3 Bf5 17. exd4 exd4 {[%emt 0:00:09] [#] And now ...Bc2 would win.} 18. Bg5 (18. Rxd4 $2 {too greedy.} Qe1+ 19. Bf1 Re2 $19) (18. Qxd4 $2 {loses.} Rad8 $19) 18... d3 19. g4 (19. Qd4 $11 {remains equal.}) 19... Bg6 $17 20. Bxf6 (20. b4 $15) 20... gxf6 21. Qf2 {[%emt 0:01:09] Dodges Qc5} ({Better is} 21. f4 Be4 22. Re1 Qc5+ 23. Qf2) 21... Rad8 22. Rd2 Qc7 {[%emt 0:05:48] Black is more active.} 23. h4 (23. Rad1 $17) 23... h6 24. b3 (24. f4 {was necessary.} Be4 (24... Qxc4 $2 25. f5 $19) 25. Re1 Qxc4 26. Bf1) 24... Qf4 $19 25. Re1 Kg7 26. Bh1 $2 {[%emt 0:04:53] [#]} (26. Red1) 26... Qxd2 $3 {[%emt 0:04:23][%mdl 512] Weighted Error Value: White=0.44/Black=0.07 (flawless) .  Mistake:       	White=7     	---        Inaccurate:     	White=1     	Black=2      OK:         	White=6     	Black=9      Best:        	White=3     	Black=2      Brilliant:      	---       	Black=1} 0-1

[Event "BL 2024-25"]
[Site "Austria"]
[Date "2024.10.12"]
[Round "4.21"]
[White "Samunenkov, Ihor"]
[Black "Lovrinovic, Christian"]
[Result "1-0"]
[Annotator "TA"]
[ECO "B22"]
[WhiteElo "2533"]
[BlackElo "2053"]
[PlyCount "33"]
[EventDate "2024.08.28"]
[EventType "team-tourn"]
[EventCountry "AUT"]
[SourceTitle "playchess.com"]
[Source "ChessBase"]
[SourceQuality "1"]
[WhiteTeam "Fuerstenfeld-Hartberg"]
[BlackTeam "Pamhagen"]
[TimeControl "40/5400+30:1800+30"]

1. e4 c5 2. c3 b6 3. d4 Bb7 4. Bd3 Nf6 5. Nd2 cxd4 6. cxd4 Nc6 7. Ngf3 Nb4 8. Bb1 Ba6 9. a3 Nd3+ 10. Bxd3 Bxd3 {White is slightly better.} 11. e5 Ne4 (11... Ng8 $1 $11) 12. Qb3 $16 Nxd2 13. Bxd2 $40 {[%mdl 128] Black needs to defend precisely.} Ba6 {[%mdl 8192] [#]} (13... Be4 $1 $14) 14. Ng5 $1 $18 e6 {[#]} (14... Qc7 $142 15. Qxf7+ (15. Nxf7 Rg8 $18) 15... Kd8) 15. Qf3 $1 Qb8 16. Qxf7+ {Black is weak on the dark squares} Kd8 {[#]} 17. Nxe6+ $1 {[%mdl 512] White took control after the opening.   Weighted Error Value: White=0.02 (flawless) /Black=2.37.  Loses game:     	---       	Black=1      Mistake:       	---       	Black=2      Inaccurate:     	---       	Black=1      OK:         	---       	Black=1      Best:        	White=3     	Black=1      Strong:       	White=2     	---} 1-0

[Event "BL 2024-25"]
[Site "Austria"]
[Date "2024.10.12"]
[Round "4.22"]
[White "Horvath, Maria"]
[Black "Korpa, Bence"]
[Result "0-1"]
[Annotator "TA"]
[ECO "A41"]
[WhiteElo "1893"]
[BlackElo "2550"]
[PlyCount "40"]
[EventDate "2024.08.28"]
[EventType "team-tourn"]
[EventCountry "AUT"]
[SourceTitle "playchess.com"]
[Source "ChessBase"]
[SourceQuality "1"]
[WhiteTeam "Pamhagen"]
[BlackTeam "Fuerstenfeld-Hartberg"]
[TimeControl "40/5400+30:1800+30"]

1. d4 Nc6 2. Nf3 d6 3. Bf4 g6 4. d5 Nb8 5. c4 Bg7 6. Nc3 e5 7. Bg5 f6 8. Bd2 {[%emt 0:00:58] White has an edge.} f5 9. e4 Nf6 10. b4 fxe4 11. Ng5 Bf5 12. Qe2 (12. g3 $11) 12... O-O (12... a5 $15 13. b5 Nbd7) 13. Ngxe4 (13. h3 $1 $11) 13... Nxe4 14. Nxe4 Qh4 15. Ng3 Nd7 {[%emt 0:05:06] [#] ...e4 is the strong threat.} 16. Nxf5 gxf5 17. g3 Qf6 18. Rc1 a5 19. Bh3 (19. bxa5 $15 Nc5 20. Bh3) 19... axb4 $17 20. Bxb4 $2 {[%emt 0:00:00][%mdl 8192] [#]} (20. Rc2 $17) 20... Qh6 $1 {[%emt 0:49:55][%csl LRc1,LRh3] Weighted Error Value: White=0.55/Black=0.07 (flawless) .  Loses game:     	White=1     	---        Mistake:       	White=3     	Black=1      Inaccurate:     	White=2     	---        OK:         	White=4     	Black=7      Best:        	---       	Black=1} 0-1

[Event "BL 2024-25"]
[Site "Austria"]
[Date "2024.10.12"]
[Round "4.24"]
[White "Rusek, Walter"]
[Black "Schernthaner, David"]
[Result "0-1"]
[Annotator "TA"]
[ECO "E35"]
[WhiteElo "1838"]
[BlackElo "2389"]
[PlyCount "46"]
[EventDate "2024.08.28"]
[EventType "team-tourn"]
[EventCountry "AUT"]
[SourceTitle "playchess.com"]
[Source "ChessBase"]
[SourceQuality "1"]
[WhiteTeam "Pamhagen"]
[BlackTeam "Fuerstenfeld-Hartberg"]
[TimeControl "40/5400+30:1800+30"]

1. d4 Nf6 2. c4 e6 3. Nc3 Bb4 4. Qc2 d5 5. cxd5 exd5 6. Bg5 h6 7. Bxf6 Qxf6 8. a3 Bxc3+ 9. Qxc3 O-O 10. e3 Bf5 11. Bd3 Bxd3 {[%emt 0:03:28] Schwarz steht etwas besser.} 12. Qxd3 Qg5 13. Qf1 Nd7 14. Nf3 Qg6 15. Rc1 Rac8 16. b4 (16. g3 $11 {kam in Betracht.}) 16... b6 (16... a5 $1 $15 17. bxa5 c5) 17. b5 (17. g3 $11) 17... c5 $17 18. bxc6 Rxc6 19. Rd1 {[%emt 0:04:13] Der Zug kostet die Partie für Weiß.} (19. Rxc6 $17 {kämpft weiter.} Qxc6 20. Qd3) 19... Rfc8 $19 {[%emt 0:02:53] [#] Und ...Rc1 würde nun gewinnen.} 20. g3 $2 (20. Qe2 {war einen Versuch wert.} Qxg2 21. Rg1) 20... Rc1 {[%emt 0:08:17] Schwarz steht klar auf Gewinn.} 21. Qe2 R8c2 22. Nd2 Rxd1+ 23. Qxd1 Qd3 {[%emt 0:00:13] Gewichteter Fehlerwert: Weiß=0.61/Schwarz=0.09 (makellos) .  Verlustzug:     	Weiß=1     	---        Fehler:       	Weiß=3     	Schwarz=1     Ungenau:       	Weiß=2     	Schwarz=1     OK:         	Weiß=4     	Schwarz=3     Bester:       	---       	Schwarz=6} 0-1

[Event "BL 2024-25"]
[Site "Austria"]
[Date "2024.10.12"]
[Round "4.25"]
[White "Deuer, Marius"]
[Black "Gupta, Abhijeet"]
[Result "1/2-1/2"]
[Annotator "TA"]
[ECO "D71"]
[WhiteElo "2477"]
[BlackElo "2573"]
[PlyCount "105"]
[EventDate "2024.08.28"]
[EventType "team-tourn"]
[EventCountry "AUT"]
[SourceTitle "playchess.com"]
[Source "ChessBase"]
[SourceQuality "1"]
[WhiteTeam "Salzburg"]
[BlackTeam "Wien-St Veit"]
[TimeControl "40/5400+30:1800+30"]

1. d4 Nf6 2. c4 g6 3. g3 c6 4. Bg2 d5 5. Qa4 Bg7 6. cxd5 Nxd5 7. Nf3 Bg4 8. e3 {[%emt 0:11:58] The position is equal.} O-O 9. O-O Na6 10. h3 Bxf3 11. Bxf3 e5 12. Rd1 Nb6 13. Qb3 Qf6 14. Kg2 exd4 15. exd4 Rad8 16. Nc3 Rxd4 17. Rxd4 Qxd4 18. Be3 Qc4 19. Be2 Qe6 20. Qxe6 fxe6 21. Bxa6 bxa6 22. Rc1 Rc8 23. b3 Nd5 (23... Bf8 $14) 24. Ne4 $16 Nxe3+ 25. fxe3 $14 {[%emt 0:00:04][%mdl 4096] Endgame. KRB-KRN} a5 26. Rc5 {[%emt 0:01:37] White is more active.} ({White should try} 26. Rc4 $1 $16) 26... a4 $1 27. bxa4 Bh6 28. Kf3 Rc7 29. Rc4 e5 30. Nc3 Bf8 31. Ke4 Bd6 32. a5 Kf7 33. Na4 Rc8 34. Nc5 Ke7 35. Nd3 Ke6 36. h4 c5 37. a4 Rc7 38. Nc1 h6 39. Nd3 h5 40. Nc1 Rb7 41. Nd3 {[%emt 0:03:51] Dodges Rb4} Rb1 42. Nxc5+ Bxc5 43. Rxc5 $11 {[%emt 0:00:36] aiming for Rc6+. KR-KR} Rb4+ 44. Kf3 Kd6 45. Rc8 {[%emt 0:11:00] Hoping for Rg8.} Rxa4 ({Black should play} 45... Ke6 $1 $14) 46. Rg8 $18 Rxa5 47. Rxg6+ Kd5 (47... Kc7 $16 {is a better defense.} 48. Rh6 e4+ 49. Kxe4 Rc5) 48. Rh6 $1 Ra1 49. Rxh5 Rf1+ {[%emt 0:03:49] [#]} 50. Ke2 $2 (50. Kg2 $1 $18 Rf8 51. Rg5) 50... Rh1 (50... Ra1 $1 $11 {and Black has nothing to worry.}) 51. Kf3 {[%emt 0:00:19] Black must now prevent Rh7.} Rf1+ $1 52. Ke2 Rh1 {[%emt 0:00:14] [#]} 53. Kf3 $2 {[%emt 0:03:40] Weighted Error Value: White=0.21 (precise) /Black=0.19 (very precise) .  Missed win:     	White=1     	---        Mistake:       	White=2     	Black=4      Inaccurate:     	White=2     	Black=4      OK:         	White=20    	Black=14     Best:        	White=5     	Black=2      Strong:       	White=1     	Black=2} (53. Rg5 $1 $16) 1/2-1/2

[Event "BL 2024-25"]
[Site "Austria"]
[Date "2024.10.12"]
[Round "4.26"]
[White "Solodovnichenko, Yuri"]
[Black "Rosner, Jonas"]
[Result "1-0"]
[Annotator "TA"]
[ECO "B13"]
[WhiteElo "2497"]
[BlackElo "2434"]
[PlyCount "59"]
[EventDate "2024.08.28"]
[EventType "team-tourn"]
[EventCountry "AUT"]
[SourceTitle "playchess.com"]
[Source "ChessBase"]
[SourceQuality "1"]
[WhiteTeam "Wien-St Veit"]
[BlackTeam "Salzburg"]
[TimeControl "40/5400+30:1800+30"]

1. e4 c6 2. d4 d5 3. exd5 cxd5 4. Bd3 Nc6 5. c3 Nf6 6. h3 e5 7. dxe5 Nxe5 8. Nf3 Nxd3+ 9. Qxd3 Bd6 {[%emt 0:00:50] OK} 10. O-O {[%emt 0:00:06] OK} O-O {[%emt 0:00:26] OK. Wit staat iets beter.} 11. Be3 Re8 12. Nbd2 $1 {[%emt 0:01:42] Sterk} Ne4 {[%emt 0:05:48] OK} 13. Rfd1 Bc7 {[%emt 0:07:01] Onnauwkeurig} (13... Bf5 $5) 14. c4 {[%emt 0:28:30][%cal Rd3d5] OK} Nxd2 {[%emt 0:12:20] OK} 15. Rxd2 dxc4 {[%emt 0:00:37] OK} 16. Qxc4 Qe7 {[%emt 0:01:03] OK} 17. Qc2 {[%emt 0:18:54] Voorkomt Bf5. Onnauwkeurig} (17. Rc1 $5 Ba5 18. Rdd1 $11) 17... Be5 {[%emt 0:06:04] Fout (1.3)} (17... h6 $11) 18. Re1 $1 $16 {[%emt 0:11:45] Wit is veel actiever. Sterk} Bd6 $2 {[%emt 0:12:17] [#] Verliest partij (2.1)} (18... Bc7 $16) 19. Red1 $2 $40 {[%emt 0:02:59][%mdl 128] Wit valt aan met druk. Gemiste overwinning (2.7)} (19. Qd1 $1 $18) 19... Qc7 $2 {[%emt 0:05:32] [#] Verliest partij (2.2)} (19... Bc7 $16) 20. Qa4 $1 $18 {[%emt 0:02:41] Sterk} Bd7 21. Qh4 {[%emt 0:02:39] OK} Be7 {[%emt 0:07:03] OK} 22. Rxd7 {[%emt 0:00:12] Beste (Gemakkelijk)} Qxd7 23. Rxd7 Bxh4 {[%emt 0:00:07] OK} 24. Nxh4 b6 25. Nf5 {[%emt 0:00:10] OK} Red8 26. Rc7 {[%emt 0:00:19] OK} Kf8 27. Bf4 {[%emt 0:00:44] OK. Wit is duidelijk aan het winnen.} a5 28. Be5 {[%emt 0:01:08] OK} g6 29. Nd6 {[%emt 0:01:24] OK} f6 30. Bxf6 {[%emt 0:00:08] Blunder waarde: Wit=0.23 (precies) /Zwart=0.54.  Verliest partij:   	---       	Zwart=2      Gemiste overwinning: 	Wit=1      	---        Fout:        	---       	Zwart=1      Onnauwkeurig:    	Wit=1      	Zwart=1      OK:         	Wit=8      	Zwart=8      Beste:        	Wit=1      	---        Sterk:        	Wit=3      	---} 1-0

[Event "BL 2024-25"]
[Site "Austria"]
[Date "2024.10.12"]
[Round "4.27"]
[White "Hacker, Jonas"]
[Black "Koellner, Ruben Gideon"]
[Result "1/2-1/2"]
[Annotator "TA"]
[ECO "D37"]
[WhiteElo "2385"]
[BlackElo "2480"]
[PlyCount "61"]
[EventDate "2024.08.28"]
[EventType "team-tourn"]
[EventCountry "AUT"]
[SourceTitle "playchess.com"]
[Source "ChessBase"]
[SourceQuality "1"]
[WhiteTeam "Salzburg"]
[BlackTeam "Wien-St Veit"]
[TimeControl "40/5400+30:1800+30"]

1. d4 d5 2. c4 e6 3. Nf3 Nf6 4. Nc3 Be7 5. Bf4 O-O 6. e3 b6 7. cxd5 Nxd5 8. Nxd5 {D37: Damegambiet Geweigerd: 5 Lf4.} Qxd5 9. a3 {[%cal Oa1c1] OK} c5 {Onnauwkeurig 9...Bd6 injecteert leven in deze variant.} 10. dxc5 {OK} Qxc5 11. Rc1 {OK} Qa5+ {OK} 12. Qd2 {Beste (Gemakkelijk)} Qxd2+ {OK} 13. Nxd2 Na6 14. b4 ({Verkeerd is} 14. Rxc8 $2 Raxc8 (14... Rfxc8 $2 15. Ke2 $19) 15. Kd1 Nc5 $19) 14... Bb7 {Beste} 15. Bd3 $146 {OK} ({Predecessor:} 15. e4 Rac8 16. Kd1 Rxc1+ 17. Kxc1 Nb8 18. Kb2 Rd8 19. Be2 g5 20. Be3 f5 21. exf5 exf5 {½-½ Jakubowski,K (2529)-Krysztofiak,M (2378) POL-chT 1st League 2016 (2.1)}) 15... Rac8 16. Ke2 {OK} g5 {Onnauwkeurig} 17. Be5 {Onnauwkeurig} f6 18. Bb2 Rxc1 {OK} 19. Rxc1 Rc8 {OK} 20. Rxc8+ {OK} Bxc8 21. f4 {Wit is actiever.} gxf4 {OK} 22. exf4 Nc7 {OK} 23. g3 Bb7 24. Nf3 Bd5 {OK} 25. Nd4 h6 26. Nb5 {Onnauwkeurig} Nxb5 {OK} 27. Bxb5 Kf7 {Onnauwkeurig} 28. Ke3 {Onnauwkeurig} Bd6 {Onnauwkeurig} 29. Bd3 {Onnauwkeurig} Ke7 {Fout (0.5)} (29... a5 $11) 30. Bc3 a5 {OK} 31. bxa5 {Blunder waarde: Wit=0.12 (erg precies) /Zwart=0.14 (erg precies) . Onnauwkeurig.  Fout:        	---       	Zwart=1      Onnauwkeurig:    	Wit=5      	Zwart=4      OK:         	Wit=6      	Zwart=9      Beste:        	Wit=1      	Zwart=1} 1/2-1/2

[Event "BL 2024-25"]
[Site "Austria"]
[Date "2024.10.12"]
[Round "4.28"]
[White "Antoniewski, Rafal"]
[Black "Goldbeck, Lars"]
[Result "1-0"]
[Annotator "RC"]
[ECO "B12"]
[WhiteElo "2443"]
[BlackElo "2372"]
[PlyCount "105"]
[EventDate "2024.08.28"]
[EventType "team-tourn"]
[EventCountry "AUT"]
[SourceTitle "playchess.com"]
[Source "ChessBase"]
[SourceQuality "1"]
[WhiteTeam "Wien-St Veit"]
[BlackTeam "Salzburg"]
[TimeControl "40/5400+30:1800+30"]

1. e4 c6 2. d4 d5 3. e5 Bf5 4. Nf3 e6 5. Be2 Nd7 6. O-O a5 7. a4 f6 8. Nbd2 Nh6 9. Nb3 Nf7 10. Re1 g5 11. Bd2 Bg7 12. exf6 Bxf6 13. c4 O-O 14. cxd5 exd5 15. Bc3 Nd6 16. Bd3 Ne4 17. Qc2 g4 18. Nfd2 Nxd2 19. Bxf5 Nxb3 20. Qxb3 Bh4 21. Be6+ Kh8 22. g3 Bg5 23. Bxg4 Nf6 24. Bf5 Nh5 25. Qc2 Qc7 26. Re5 Bf6 27. Re6 Qg7 28. Rd1 Nf4 29. Ree1 Rae8 30. Kh1 Ng6 31. Rxe8 Rxe8 32. Bxa5 Ne7 33. Bh3 Qh6 34. Bd7 Ra8 35. Bc3 Rd8 36. Bg4 Bg7 37. Re1 Qg5 38. Qe2 Nf5 39. Bxf5 Qxf5 40. b4 Ra8 41. a5 Rf8 42. Kg2 h5 43. h3 Rf7 44. Qe3 Kg8 45. Qe2 Kh8 46. Rd1 Qe4+ 47. Qxe4 dxe4 48. Re1 Rf3 49. Re3 Rxe3 50. fxe3 Kg8 51. d5 Bxc3 52. dxc6 Bxb4 53. c7 1-0

[Event "BL 2024-25"]
[Site "Austria"]
[Date "2024.10.12"]
[Round "4.29"]
[White "Weber, Samuel"]
[Black "Kuegel, Tobias"]
[Result "1/2-1/2"]
[Annotator "TA"]
[ECO "C00"]
[WhiteElo "2256"]
[BlackElo "2428"]
[PlyCount "116"]
[EventDate "2024.08.28"]
[EventType "team-tourn"]
[EventCountry "AUT"]
[SourceTitle "playchess.com"]
[Source "ChessBase"]
[SourceQuality "1"]
[WhiteTeam "Salzburg"]
[BlackTeam "Wien-St Veit"]
[TimeControl "40/5400+30:1800+30"]

1. Nf3 d5 2. g3 Nf6 3. Bg2 e6 4. O-O Be7 5. d3 O-O 6. Nbd2 c5 7. e4 Nc6 {[%emt 0:00:23][%cal Bb8c6,Bc6e5,Be5d3][%mdl 32] EV=14.95} 8. Re1 b5 (8... h6) 9. exd5 {[%emt 0:00:25] C00: Frans: Ongebruikelijke Wit 2e zetten.} Nxd5 10. c4 {[%emt 0:03:43] Fout (0.8)} (10. a4 $11 bxa4 11. Rxa4) 10... bxc4 $1 $15 {[%emt 0:07:11] Sterk} 11. dxc4 {[%emt 0:00:20] Zwart staat iets beter.} Nb6 {[%emt 0:02:10] Fout (0.9)} (11... Ndb4 $15) {Wit zou moeten spelen} 12. Ne5 {[%emt 0:12:12] Fout (0.8)} (12. b3 $1 $14) 12... Nxe5 $1 $11 {[%emt 0:00:24] Sterk} 13. Bxa8 {[%emt 0:01:08] Fout (0.5)} (13. Rxe5 Rb8 14. Re1) 13... Nd3 {[%emt 0:00:54][%cal Od3e1] Fantastisch paardenconcours. Beste (Gemakkelijk)} 14. Bg2 {[%emt 0:01:49] Beste (Gemakkelijk)} Nxe1 {[%emt 0:02:22] OK} 15. Qxe1 Qd4 {[%emt 0:10:01][%cal Oc8a6] Remt b3. OK} 16. Qe4 $146 ({Predecessor:} 16. Bf1 Ba6 17. Qe4 Qxe4 18. Nxe4 Bxc4 19. Be3 Bxf1 20. Kxf1 Rc8 21. Rc1 Nd5 22. Bd2 {0-1 Lukas,A (2038)-Ghulyan,J (1766) EU Universities Rapid 2022 (7.15)}) 16... Qxe4 (16... e5 $5 {is complexer.} 17. Rb1 Rd8 18. b3 Qxe4 19. Bxe4 f5) 17. Bxe4 f5 {[%emt 0:02:31] OK} 18. Bg2 {[%emt 0:10:59] OK} Bf6 {[%emt 0:07:24] OK} 19. Rb1 {[%emt 0:05:54] OK} Rd8 20. Kf1 {[%emt 0:03:20] Beste} Ba6 {[%emt 0:11:05] OK} 21. b3 {[%emt 0:08:16] OK} Nd5 {[%emt 0:00:45] OK} 22. Bxd5 exd5 23. Ba3 Bc3 {[%emt 0:12:52] OK} 24. Ke2 {[%emt 0:01:00] OK} {Zwart zou moeten spelen} Bxd2 {[%emt 0:06:08] Fout (0.8)} (24... Bd4 $15) 25. Kxd2 dxc4+ $15 {[%emt 0:00:13][%mdl 4096] Eindspel. KRB-KRB. Beste (Gemakkelijk)} {Wit zou moeten proberen} 26. Kc3 {[%emt 0:04:39] Fout (0.6)} (26. Kc2 $11) 26... Rd3+ {[%emt 0:03:10] Onnauwkeurig} 27. Kc2 {[%emt 0:00:10] OK} cxb3+ {[%emt 0:08:36] Onnauwkeurig} 28. Rxb3 c4 {[%emt 0:01:47] Onnauwkeurig} 29. Rxd3 {[%emt 0:01:30] Onnauwkeurig} cxd3+ $14 {[%emt 0:00:01] KB-KB} 30. Kc3 {[%emt 0:00:25] [#] OK} Bc4 $1 31. Bc1 (31. Kxc4 $2 {te hebberig.} d2 32. Bc5 d1=Q $19 (32... d1=R 33. Bxa7 Ra1 34. Kb3 $17)) (31. Bc5 d2) 31... Bxa2 {[%emt 0:00:46] OK} 32. Kxd3 {[%emt 0:00:06] OK} a5 33. h4 Kf7 {[%emt 0:00:31] OK} 34. Kd4 Ke6 35. Bf4 a4 36. Kc5 {[%emt 0:00:29] OK} Bb3 37. Kb4 {[%emt 0:00:11] OK} Kd5 {[%emt 0:00:25] OK} 38. Be3 Ke4 39. Kc3 Kf3 40. Kb2 Kg4 41. Kc3 Bd1 42. Kb4 {[%emt 0:00:00] OK} h6 43. Ka3 Kf3 44. Kb4 {[%emt 0:00:00] OK} Ke4 45. Ka3 Kd3 46. Kb2 Bb3 47. Ka1 a3 {Beter is} 48. Kb1 {[%emt 0:00:00] Fout (0.6)} (48. Bc5 $11) {Zwart kan overwegen} 48... Kc3 {[%emt 0:04:20] Fout (0.5)} (48... a2+ $15 49. Kb2 h5) 49. Bf4 {[%emt 0:00:00] Onnauwkeurig} Kd4 {[%emt 0:00:31] Onnauwkeurig} 50. Bd6 {[%emt 0:00:00] OK} a2+ {[%emt 0:00:36] OK} 51. Kb2 {[%emt 0:00:00] OK} Ke4 52. Bf8 Kf3 {[%emt 0:01:15][%cal Og7g6] Onnauwkeurig} 53. Bxg7 {[%emt 0:00:00] Beste (Gemakkelijk)} Kxf2 {[%emt 0:02:36] OK} 54. Be5 {[%emt 0:00:00] Onnauwkeurig} Bd5 {[%emt 0:00:29] Zwart heeft hier iets.} 55. Bf4 h5 56. Ka1 Kf3 {[%emt 0:00:16] OK} 57. Kb2 Kf2 58. Ka1 Kf3 {[%emt 0:00:10] Blunder waarde: Wit=0.18 (erg precies) /Zwart=0.17 (erg precies) .  Fout:        	Wit=5      	Zwart=3      Onnauwkeurig:    	Wit=3      	Zwart=5      OK:         	Wit=13     	Zwart=13     Beste:        	Wit=3      	Zwart=2      Sterk:        	---       	Zwart=2} 1/2-1/2

[Event "BL 2024-25"]
[Site "Austria"]
[Date "2024.10.12"]
[Round "4.30"]
[White "Schachinger, Mario"]
[Black "Leeb, Simon"]
[Result "1-0"]
[Annotator "TA"]
[ECO "D15"]
[WhiteElo "2385"]
[BlackElo "2219"]
[PlyCount "73"]
[EventDate "2024.08.28"]
[EventType "team-tourn"]
[EventCountry "AUT"]
[SourceTitle "playchess.com"]
[Source "ChessBase"]
[SourceQuality "1"]
[WhiteTeam "Wien-St Veit"]
[BlackTeam "Salzburg"]
[TimeControl "40/5400+30:1800+30"]

1. d4 d5 2. c4 c6 3. Nf3 Nf6 4. Nc3 a6 5. e3 Bf5 6. Bd3 Bxd3 7. Qxd3 Nbd7 8. O-O {[%emt 0:00:39] White has an edge.} e6 9. Bd2 Be7 10. e4 {[%emt 0:02:46] [#]} (10. Rfd1 $11) 10... dxe4 (10... Nc5 $1 $17 11. dxc5 dxe4 12. Qxd8+ Rxd8) 11. Nxe4 $11 Nxe4 12. Qxe4 Nf6 13. Qe2 O-O 14. Rad1 Qb6 15. b3 a5 16. g3 a4 {[%emt 0:11:27] [#]} 17. b4 $1 a3 (17... Bxb4 $2 18. Rb1 $18) (17... Qa6 18. a3) 18. Rb1 Ra4 19. c5 Qb5 20. Qxb5 cxb5 21. Rfd1 Nd5 22. Be1 Bf6 23. Rd3 g5 24. h3 Ne7 25. Bc3 Rd8 26. Ne1 $1 Nd5 {[%emt 0:03:29] Hoping for ...Nxc3.} 27. Bd2 Ne7 28. Nc2 e5 (28... h6 $14 {feels stronger.}) 29. Rf3 $16 ({Don't play} 29. Rxa3 exd4 30. Rxa4 bxa4 $11) 29... Kg7 30. dxe5 $1 ({Much worse is} 30. Rxa3 $6 exd4 31. Rxa4 bxa4 $11) 30... Bxe5 31. Bxg5 f6 32. Re1 {[%emt 0:00:48] Rxe5 is the strong threat.} Nc6 33. Rxe5 Nxe5 $4 {[%emt 0:00:56][%mdl 8192] This move loses the game for Black.} (33... Rd1+ $14 34. Re1 Rxe1+ 35. Nxe1 fxg5) 34. Bxf6+ $18 {[%emt 0:00:08] White is clearly winning.} (34. Rxa3 $2 {loses.} fxg5 35. Re3 Rxa2 36. Rxe5 Rxc2 $19) 34... Kg8 35. Bxe5 Rd2 36. Rc3 Kf7 37. Kg2 {[%emt 0:00:00] Weighted Error Value: White=0.15 (very precise) /Black=0.29 (precise) .  Loses game:     	---       	Black=1      Mistake:       	White=1     	Black=2      Inaccurate:     	White=2     	Black=1      OK:         	White=10    	Black=7      Best:        	White=1     	Black=1      Strong:       	White=2     	---} 1-0